 Dungeon Crawl Stone Soup version 0.24-a0-251-g44e327e (webtiles) character file.

Game seed: 1914642168824252383

177 mhoghedin the Skirmisher (level 5, -3/46 HPs)
             Began as a Centaur Gladiator on Apr 16, 2019.
             Was a Believer of Uskayaw.
             Slain by a gnoll
             ... wielding a +0 spear
              (5 damage)
             ... on level 3 of the Dungeon.
             The game lasted 00:04:36 (2830 turns).

mhoghedin the Skirmisher (Centaur Gladiator)        Turns: 2830, Time: 00:04:37

Health: -3/46      AC:  6    Str: 17    XL:     5   Next: 30%
Magic:  5/5        EV:  9    Int:  7    God:    Uskayaw [**....]
Gold:   82         SH:  0    Dex: 11    Spells: 4/4 levels left

rFire    . . .     SeeInvis .   g - +1 spear
rCold    . . .     Gourm    .   (no shield)
rNeg     . . .     Faith    .   l - +0 ring mail
rPois    +         Spirit   .   c - +0 helmet
rElec    .         Reflect  .   (no cloak)
rCorr    .         Harm     .   (no gloves)
MR       .....                  (no barding)
Stlth    ..........             (no amulet)
HPRegen  0.15/turn              h - ring of poison resistance {rPois, !d}
MPRegen  0.09/turn              (no ring)

@: very quick
A: large, hooves 3, deformed body, speed 2, tough skin 3
a: Stomp, Line Pass, Renounce Religion


You were on level 3 of the Dungeon.
You worshipped Uskayaw.
Uskayaw was noncommittal.
You were not hungry.

You visited 1 branch of the dungeon, and saw 3 of its levels.

You collected 82 gold pieces.

Inventory:

Hand Weapons
 a - a +0 war axe
 g - a +1 spear (weapon)
   (You found it on level 1 of the Dungeon)
Missiles
 d - 3 throwing nets {=f, !d}
Armour
 c - a +0 helmet (worn)
 l - a +0 ring mail (worn)
   (You found it on level 2 of the Dungeon)
Jewellery
 h - a ring of poison resistance (left hand) {rPois, !d}
   (You found it on level 1 of the Dungeon)
Scrolls
 m - a scroll of remove curse
Potions
 b - a potion of haste {unknown}
 e - 2 potions of flight {unknown}
 i - 2 potions of heal wounds
 k - 2 potions of curing {unknown}
 n - a potion of ambrosia {unknown}
Comestibles
 f - 2 rations


   Skills:
 + Level 4.1 Fighting
 - Level 2.9(3.5) Axes
 + Level 2.9(3.5) Polearms
 - Level 2.1 Throwing
 - Level 2.1 Dodging


You had 4 spell levels left.
You didn't know any spells.
Your spell library contained the following spells:

 Spells                   Type           Power        Failure   Level  Hunger
 Corona                   Hex            #......      65%         1    ##.....
 Ensorcelled Hibernation  Hex/Ice        #.....       78%         2    ###....
 Confuse                  Hex            #.......     95%         3    ####...
 Dazzling Spray           Conj/Hex       #.....       95%         3    ####...
 Tukima's Dance           Hex            #.......     95%         3    ####...


Dungeon Overview and Level Annotations

Branches:
Dungeon (3/15)

Altars:
Uskayaw


Innate Abilities, Weirdness & Mutations

You have hooves in place of feet.
Armour fits poorly on your strangely shaped body.
You cover ground very quickly.
You have extremely tough skin. (AC +3)


Message History

A gnoll comes into view. It is wielding a +0 spear.
The adder hisses angrily.
You hit the gnoll.
The gnoll hits you with a cursed -1 flail.
You hit the gnoll. Your kick misses the gnoll.
The gnoll hits you from afar with a +0 spear.
The gnoll barely misses you.
You closely miss the gnoll. Your kick misses the gnoll.
The gnoll hits you from afar with a +0 spear.
The gnoll barely misses you.
You take 6 damage, and have 40/46 hp.
You hit the gnoll. Your kick misses the gnoll.
The gnoll hits you but does no damage.
The gnoll hits you from afar with a +0 spear.
A dart slug comes into view.
You puncture the gnoll!
You kill the gnoll!
The gnoll barely misses you. The gnoll hits you but does no damage.
You can now pass through a line of other dancers.
You hit the gnoll. The gnoll hits you with a +0 flail!
The gnoll hits you from afar with a +0 spear.
You are too injured to fight recklessly!
You are too injured to fight recklessly!
You are too injured to fight recklessly!
You are too injured to fight recklessly!
You take 15 damage, and have 25/46 hp.
MASSIVE DAMAGE!!
You can no longer pass through a line of other dancers.
You are too injured to fight recklessly!
You are too injured to fight recklessly!
You are too injured to fight recklessly!
Unknown command.
The gnoll misses you.
Attack whom?
Aim: a gnoll, wielding a +0 flail (moderately wounded)
You hit the gnoll. Your kick misses the gnoll.
The gnoll hits you with a +0 flail! The gnoll hits you but does no damage.
You take 6 damage, and have 20/46 hp.
Attack whom?
Aim: a gnoll, wielding a +0 flail (moderately wounded)
You hit the gnoll. The gnoll closely misses you.
The gnoll completely misses you.
Attack whom?
Aim: a gnoll, wielding a +0 flail (severely wounded)
You barely miss the gnoll.
Attack whom?
Aim: a gnoll, wielding a +0 flail (severely wounded)
You reach to attack!
You barely miss the gnoll.
Attack whom?
Aim: a gnoll, wielding a +0 flail (severely wounded)
You closely miss the gnoll. The gnoll hits you with a +0 flail.
You take 2 damage, and have 18/46 hp.
Attack whom?
Aim: a gnoll, wielding a +0 flail (severely wounded)
You hit the gnoll.
You kill the gnoll!
Attack whom?
Aim: an adder You hit the adder.
The adder barely misses you. The gnoll closely misses you.
Attack whom?
Aim: an adder (heavily wounded)
You miss the adder. Your kick misses the adder.
The adder bites you but does no damage.
The gnoll hits you from afar with a +0 spear.
The adder bites you.
You take 4 damage, and have 15/46 hp.
Attack whom?
Aim: an adder (heavily wounded)
You hit the adder.
You kill the adder!
The gnoll hits you from afar with a +0 spear.
* * * LOW HITPOINT WARNING * * *
You can now pass through a line of other dancers.
You take 5 damage, and have 10/46 hp.
Attack whom?
Aim: a gnoll, wielding a +0 spear You reach to attack!
You barely miss the gnoll.
The gnoll hits you from afar with a +0 spear.
* * * LOW HITPOINT WARNING * * *
You take 3 damage, and have 7/46 hp.
Attack whom?
Aim: a gnoll, wielding a +0 spear You reach to attack!
You hit the gnoll but do no damage.
The gnoll hits you from afar with a +0 spear.
* * * LOW HITPOINT WARNING * * *
You take 3 damage, and have 4/46 hp.
Attack whom?
Aim: a gnoll, wielding a +0 spear You reach to attack!
You closely miss the gnoll. The gnoll barely misses you.
Attack whom?
Aim: a gnoll, wielding a +0 spear You reach to attack!
You hit the gnoll.
The gnoll hits you from afar with a +0 spear.
* * * LOW HITPOINT WARNING * * *
You take 2 damage, and have 2/46 hp.
Attack whom?
Aim: a gnoll, wielding a +0 spear (moderately wounded)
You reach to attack!
You hit the gnoll.
The gnoll hits you from afar with a +0 spear.
You die...

#.#####.....#####...##...
#.##....................#
#.##.##.....#####.....#..
#
#.##.##..÷..#####).......
.
.........................
#.##.####.#.#####)..#..##
#.# #.#.####......... #.#
#.#.#............ ## #.#
#.#.#@##....>.... .. #.#
#.# #)##....#.....
#######.####.#
#g##....##...#
.............# #w##....#
... #.##########.#
#.##..#.##.#. ......# #.#
#....†...... ......# #.#
#.##g.#.##.##. ......#
#.# #......)......
......... ..#
#.##S.#.##.###


You could see a gnoll and a dart slug.

Vanquished Creatures
  9 gnolls
  3 adders
  A worm (D:2)
  A dart slug (D:1)
  3 leopard geckos
  3 ball pythons
  5 bats
  3 giant cockroaches
  8 goblins
  7 hobgoblins
  A quokka (D:2)
  4 frilled lizards
  6 kobolds
  5 rats
  3 plants (D:2)
62 creatures vanquished.

Notes
Turn   | Place    | Note
-------+----------+-------------------------------------------
     0 | D:1      | mhoghedin the Centaur Gladiator began the quest for the
                  | Orb.
     0 | D:1      | Reached XP level 1. HP: 17/17 MP: 1/1
   273 | D:1      | Reached XP level 2. HP: 24/25 MP: 2/2
   566 | D:1      | Reached skill level 1 in Polearms
  1043 | D:2      | Reached XP level 3. HP: 30/30 MP: 3/3
  1168 | D:2      | Reached skill level 3 in Fighting
  1344 | D:2      | Reached XP level 4. HP: 38/38 MP: 4/4
  1371 | D:2      | Reached skill level 2 in Polearms
  1498 | D:2      | Found a faded altar of an unknown god.
  2338 | D:2      | Became a worshipper of Uskayaw the Reveler
  2338 | D:2      | Reached * piety under Uskayaw
  2497 | D:3      | Reached ** piety under Uskayaw
  2504 | D:3      | HP: 7/40 [gnoll/cursed +0 halberd (4)]
  2509 | D:3      | Reached *** piety under Uskayaw
  2511 | D:3      | Reached skill level 4 in Fighting
  2511 | D:3      | Reached XP level 5. HP: 9/46 MP: 2/5
  2825 | D:3      | HP: 10/46 [gnoll/+0 spear (5)]
  2827 | D:3      | HP: 4/46 [gnoll/+0 spear (3)]
  2830 | D:3      | Slain by a gnoll

Levels and vault maps discovered:
D:1:      saegor_arrival_simple_e, layout_basic, minmay_misc_feat_x
D:2:      layout_basic, chequers_ecumenical_altar_simple, serial_forest,
          infiniplex_forest_zigzag_1, infiniplex_forest_end_3,
          infiniplex_forest_lined_3, infiniplex_forest_lined_room_3,
          infiniplex_forest_end_double, infiniplex_forest_end_double,
          infiniplex_forest_end_3, infiniplex_forest_clump_small,
          infiniplex_forest_straight_3, infiniplex_forest_lined_2
D:3:      layout_basic, nicolae_overflow_crystal_walls, first_ration

Skill      XL: |  1  2  3  4 |
---------------+-------------+-----
Polearms       | 1 2 |  2.9
Fighting       | 3 4 |  4.1
Axes           | |  2.9
Throwing       | |  2.1
Dodging        | |  2.1

Action                   |  1- 3 |  4- 6 || total
-------------------------+-------+-------++-------
Melee: War axe           |     6 |       ||     6
       Spear             |    88 |   203 ||   291
       Kick              |    10 |    55 ||    65
Invok: Stomp             |       |     1 ||     1
  Use: Scroll            |     1 |     2 ||     3
       Potion            |     1 |       ||     1
 Stab: Paralysed         |       |     1 ||     1
  Eat: Chunk             |     1 |       ||     1
       Ration            |       |     2 ||     2
Armor: Leather armour    |    20 |       ||    20
       Ring mail         |     6 |    27 ||    33
Dodge: Dodged            |    39 |    30 ||    69

Table legend:
 A = Non-vault XP
 B = Vault XP
 C = Vault XP percentage of total XP
 D = Non-vault monster count
 E = Vault monster count
 F = Vault count percentage of total count
                 A         B        C        D         E       F
            +---------+---------+-------+---------+---------+-------
      Total |     253 |       0 |   0.0 |      59 |       0 |   0.0
            +---------+---------+-------+---------+---------+-------
        D:1 |      34 |       0 |   0.0 |      20 |       0 |   0.0
        D:2 |      98 |       0 |   0.0 |      25 |       0 |   0.0
        D:3 |     121 |       0 |   0.0 |      14 |       0 |   0.0
            +---------+---------+-------+---------+---------+-------

Levels and vault maps discovered:
D:1:      saegor_arrival_simple_e, layout_basic, minmay_misc_feat_x
D:2:      layout_basic, chequers_ecumenical_altar_simple, serial_forest,
          infiniplex_forest_zigzag_1, infiniplex_forest_end_3,
          infiniplex_forest_lined_3, infiniplex_forest_lined_room_3,
          infiniplex_forest_end_double, infiniplex_forest_end_double,
          infiniplex_forest_end_3, infiniplex_forest_clump_small,
          infiniplex_forest_straight_3, infiniplex_forest_lined_2
D:3:      layout_basic, nicolae_overflow_crystal_walls, first_ration

Table legend:
 A = Turns spent in this place as a percentage of turns spent in the entire game.
 B = Non-inter-level travel turns spent in this place as a percentage of non-inter-level travel turns spent in the entire game.
 C = Inter-level travel turns spent in this place as a percentage of turns spent in this place.
 D = Turns resting spent in this place as a percentage of non-inter-level travel turns spent in this place.
 E = Turns spent auto-exploring this place as a percentage of non-inter-level travel turns spent in this place.
 F = Non-inter-level travel turns spent in this place divided by the number of levels of this place that you've seen.
                   A       B       C       D       E      F
               +-------+-------+-------+-------+-------+----------------------
         Total | 100.0 | 100.0 |   7.6 |  18.0 |  61.2 | 871.3
       Dungeon | 100.0 | 100.0 |   7.6 |  18.0 |  61.2 | 871.3
               +-------+-------+-------+-------+-------+----------------------

Table legend:
 A = Kills in this place as a percentage of kills in entire the game.
 B = Kills by you in this place as a percentage of kills by you in the entire game.
 C = Kills by friends in this place as a percentage of kills by friends in the entire game.
 D = Other kills in this place as a percentage of other kills in the entire game.
 E = Experience gained in this place as a percentage of experience gained in the entire game.
 F = Experience gained in this place divided by the number of levels of this place that you have seen.
                   A       B       C       D       E      F
               +-------+-------+-------+-------+-------+----------------------
         Total | 100.0 | 100.0 |   N/A |   N/A | 100.0 |  84.3
       Dungeon | 100.0 | 100.0 |   N/A |   N/A | 100.0 |  84.3
               +-------+-------+-------+-------+-------+----------------------
